 Dungeon Crawl Stone Soup version 0.30-a0-799-g109b55a442 (webtiles) character file.

Game seed: 14782865266935543115

32790 bjtr the Earth Mage (level 13, -10/79 HPs)
             Began as a Gargoyle Earth Elementalist on Feb 19, 2023.
             Was a High Priest of Vehumet.
             Killed from afar by a fire giant (40 damage)
             ... with a fireball
             ... on level 14 of the Dungeon on Feb 21, 2023.
             The game lasted 01:34:47 (16381 turns).

bjtr the Earth Mage (Gargoyle Earth Elementalist)  Turns: 16381, Time: 01:34:47

Health: -10/79     AC: 29    Str: 10    XL:     13   Next: 66%
Magic:  5/28       EV: 13    Int: 28    God:    Vehumet [*****.]
Gold:   492        SH: 11    Dex: 19    Spells: 11/34 levels left

rFire   . . .      SeeInvis +    n - +4 scimitar (flame)
rCold   + + .      Faith    .    Y - +0 buckler
rNeg    + . .      Spirit   .    L - +0 acid dragon scales
rPois   ∞          Reflect  +    J - +1 helmet {SInv}
rElec   +          Harm     .    C - +1 cloak
rCorr   +          Rampage  .    (no gloves)
Will    .....                    F - +2 pair of boots {Stlth+}
Stlth   ++++                     D - amulet "Muhapus" {Reflect Int+2 SH+5}
HPRegen 0.33/turn                e - ring of Abaesacs {rC++ Str-3 Int+6 Dex+9 SInv}
MPRegen 0.21/turn                G - +4 ring of protection

@: no status effects
A: sickness immunity, AC +9, negative energy resistance 1, electricity
resistance, torment resistance 1, petrification resistance
a: Renounce Religion


You were on level 14 of the Dungeon.
You worshipped Vehumet.
Vehumet was extremely pleased with you.
You visited 2 branches of the dungeon, and saw 15 of its levels.
You visited 1 bazaar.
You also visited: Sewer and Bailey.

You collected 1808 gold pieces.
You spent 1316 gold pieces at shops.

Inventory:

Hand Weapons
 a - the +4 hand axe "Killer Klown's Peril" {vamp, Dex+4 Stlth+}
   (You found it on level 7 of the Dungeon)

   Dex:       It affects your dexterity (+4).
   Stlth:     It makes you more stealthy.
 n - a +4 scimitar of flaming (weapon)
 p - a +0 arbalest
 v - the +5 Lochaber axe {reach-cleave, Poleaxe Drain}
   (You took it off a deep elf pyromancer on level 13 of the Dungeon)

   Poleaxe:   It uses either Axes or Polearms skill, whichever is higher.
   Drain:     It drains your maximum health when unequipped.
 H - a +2 dagger of holy wrath
 M - a +0 broad axe
Missiles
 t - 2 boomerangs of dispersal (quivered)
 w - a throwing net
Armour
 b - a +0 troll leather armour
 l - the +3 chain mail of the Storm King {rF- Will+ Str+4}
   (You found it on level 13 of the Dungeon)

   Str:       It affects your strength (+4).
   rF:        It makes you vulnerable to fire.
   Will:      It increases your willpower.
 C - a +1 cloak (worn)
 F - a +2 pair of boots of stealth (worn)
 J - a +1 helmet of see invisible (worn)
 L - +0 acid dragon scales (worn)
 Q - a +2 robe of resistance
 Y - a +0 buckler (worn)
Jewellery
 c - an amulet of the acrobat
 e - the ring of Abaesacs (left hand) {rC++ Str-3 Int+6 Dex+9 SInv}
   (You bought it in a shop in a bazaar)

   [ring of intelligence]

   Str:       It affects your strength (-3).
   Int:       It affects your intelligence (+6).
   Dex:       It affects your dexterity (+9).
   rC:        It greatly protects you from cold.
   SInv:      It lets you see invisible.
 k - a +5 ring of evasion
 y - a +4 ring of slaying
 B - a ring of positive energy
 D - the amulet "Muhapus" (around neck) {Reflect Int+2 SH+5}
   (You found it on level 4 of the Dungeon)

   [amulet of reflection]

   It reflects blocked missile attacks.
   Int:       It affects your intelligence (+2).
   SH:        It affects your SH (+5).
 E - a ring of willpower
 G - a +4 ring of protection (right hand)
Wands
 d - a wand of light (4)
 O - a wand of charming (9)
 S - a wand of roots (10)
 V - a wand of polymorph (18)
Scrolls
 f - 4 scrolls of immolation
 i - a scroll of enchant weapon
 o - 3 scrolls of amnesia
 r - 3 scrolls of fear
 x - 3 scrolls of torment
 z - 4 scrolls of teleportation
 A - 6 scrolls of identify
Potions
 g - 5 potions of flight
 h - 9 potions of curing
 j - 5 potions of heal wounds
 m - 3 potions of brilliance
 q - 3 potions of might
 s - a potion of attraction
 I - a potion of magic
 K - 2 potions of haste
 N - a potion of invisibility
Miscellaneous
 u - a lightning rod (3/4)
 R - a tin of tremorstones (1/2)


   Skills:
 * Level 8.7 Fighting
 + Level 6.1 Armour
 + Level 4.2 Dodging
 + Level 6.5 Stealth
 + Level 6.5 Shields
 * Level 11.2 Spellcasting
 + Level 6.4 Conjurations
 - Level 0.7 Transmutations
 * Level 16.8 Earth Magic
 + Level 0.7 Evocations


You had 11 spell levels left.
You knew the following spells:

 Your Spells              Type           Power      Damage    Failure   Level
a - Sandblast             Erth           100%       2d20      0%          1
b - Passwall              Tmut/Erth      49%        N/A       1%          2
c - Stone Arrow           Conj/Erth      100%       3d13      1%          3
d - Petrify               Tmut/Erth      59%        N/A       1%          4
e - Mephitic Cloud        Conj/Pois/Air  27%        N/A       2%          3
f - Scorch                Fire           30%        2d7       3%          2
g - Inner Flame           Hex/Fire       15%        N/A       5%          3
h - Borgnjor's Vile Clut  Necr/Erth      29%        N/A       6%          5

Your spell library contained the following spells:

 Spells                   Type           Power      Damage    Failure   Level
 Conjure Ball Lightning   Conj/Air       16%        3x3d6     54%         6
 Foxfire                  Conj/Fire      100%       2x1d9     1%          1
 Magic Dart               Conj           100%       1d8       1%          1
 Apportation              Tloc           30%        N/A       7%          1
 Necrotise                Necr           60%        1d7       7%          1
 Summon Small Mammal      Summ           60%        N/A       7%          1
 Wereblood                Tmut           19%        N/A       8%          2
 Call Imp                 Summ           15%        N/A       11%         2
 Fireball                 Conj/Fire      16%        3d8       13%         5
 Starburst                Conj/Fire      16%        6d6       54%         6
 Alistair's Intoxication  Tmut/Pois      11%        N/A       86%         5
 Eringya's Noxious Bog    Tmut/Pois      8%         N/A       89%         6
 Summon Hydra             Summ           7%         N/A       100%        7
 Sublimation of Blood     Necr           Unusable   N/A       N/A         2

Dungeon Overview and Level Annotations

Branches:
Dungeon (14/15)            Temple (1/1) D:6            Lair (0/5) D:9
    Orc (0/2) D:9           Sewer (visited)          Bailey (visited)
 Vaults: D:13-14

Altars:
Ashenzari
Cheibriados
Dithmenos
Elyvilon
Fedhas
Gozag
Hepliaklqana
Kikubaaqudgha
Makhleb
Nemelex Xobeh
Okawaru
Qazlal
Ru
Sif Muna
Trog
Uskayaw
Vehumet
Wu Jian
Xom
Yredelemnul
Zin
The Shining One

Shops:
D:1 [

Annotations:
D:13 Frances


Innate Abilities, Weirdness & Mutations

You are immune to sickness and miasma.
Your stone body is resilient. (AC +9)
You are immune to poison.
You resist negative energy. (rN+)
You are resistant to electric shocks. (rElec)
You are resistant to unholy torment.
You are immune to petrification.


Message History

Aim: a deep troll earth mage (moderately wounded, 78% to hit)
The stone arrow hits the deep troll earth mage!
The deep troll earth mage is severely wounded.
You block the fire elemental's attack. The fire elemental barely misses you.
The fire elemental hits you. The fire elemental burns you!
Casting: Stone Arrow (safe; 1% risk of failure)
Confirm with . or Enter, or press ? or * to list all spells.
Aiming: Stone Arrow (safe; 1% risk of failure)
Press: ? - help, Shift-Dir - straight line, f/p - deep troll earth mage
Aim: a deep troll earth mage (severely wounded, 78% to hit)
The stone arrow hits the deep troll earth mage!!
You kill the deep troll earth mage!
Vehumet accepts your kill.
The troll leather armour is intact enough to wear.
The fire elemental hits you. The fire elemental burns you!
You block the fire elemental's attack. The fire elemental hits you. x2
The fire elemental burns you!
Your lightning rod (3/4) has regained one charge.
Unknown command.
Casting: Stone Arrow (safe; 1% risk of failure)
Confirm with . or Enter, or press ? or * to list all spells.
Aiming: Stone Arrow (safe; 1% risk of failure)
Press: ? - help, Shift-Dir - straight line, f - deep elf pyromancer
Aim: a deep elf pyromancer, wielding a +2 rapier of freezing (severely wounded, 69% to hit)
The stone arrow misses the fire elemental.
The stone arrow hits the deep elf pyromancer!
You kill the deep elf pyromancer!
Vehumet accepts your kill.
The fire elemental disappears in a puff of smoke! x3
Unknown command.
Things that are here:
a +0 troll leather armour; a deep troll corpse A fire giant comes into view.
It is wielding a +2 great sword of flaming.
You see here a +2 rapier of freezing.
Your magical contamination has completely faded away.
There is an open door here.
The fire giant gestures at you while chanting.
The fireball explodes!
The fireball engulfs you!!!
Ouch! That really hurt!
You die...

..........###..#####...........#.
......##..###..#####..##.......#.
.................[...............
....####'################..).....
....'....# #####.... .[..#....#.
#...#...# ....#....#.. #######
#...#...#
....#.<..#...##.[...#####...#...#
....#.<.##......@.......#....###.
###.#...##...##..................
....#...## ##..##'..##.........
....#...# #....)..###.........
....##### #).[#......#....###.
....... #.......#..#...#...#
.......#.#'###C......#..#...#...#
##....##.........#...#..#...#...#
...##..#......#....#..+....###.


You could see a fire giant.

Vanquished Creatures
  A hydra (D:13)
  A catoblepas (D:13)
  3 boulder beetles (D:13)
  7 two-headed ogres
  6 centaur warriors (D:13)
  Erica (D:10)
  A tengu warrior (D:14)
  A deep troll earth mage (D:14)
  Pikel (D:7)
  2 deep elf pyromancers
  3 ugly things (D:13)
  4 cyclopes
  4 manticores
  Maurice (D:10)
  The ghost of cheesebisquit the Geomancer, a novice GrEE (D:6)
  A gargoyle (D:13)
  Maggie (D:7)
  A kobold demonologist (D:12)
  A freezing wraith (D:13)
  2 efreet
  A yaktaur (D:13)
  4 trolls
  2 hornets
  6 slime creatures (D:14)
  2 shadows
  A wyvern (D:10)
  3 vampires
  9 yaks
  4 wraiths
  A redback (D:13)
  3 basilisks (D:13)
  7 vampire mosquitoes
  2 steam dragons
  5 acid dragons
  13 orc warriors
  A black bear (D:7)
  An ice beast (D:5)
  A sky beast (D:7)
  9 centaurs
  An ogre (D:4)
  A boggart (D:13)
  3 lemures (D:7)
  5 bullfrogs
  3 kobold brigands
  3 necrophages
  2 gnoll sergeants
  4 scorpions
  5 wights
  5 killer bees (D:9)
  2 troll zombies (D:9)
  3 howler monkeys
  4 electric eels (D:9)
  A crimson imp (D:4)
  6 hounds
  5 orc priests
  3 gnoll boudas
  Jessica (D:2)
  5 iguanas
  4 orc wizards
  6 ogre zombies (D:9)
  27 gnolls
  10 adders
  2 shadow imps (D:7)
  2 ufetubi
  3 worms
  A dart slug (D:4)
  28 orcs
  5 endoplasms
  12 giant cockroaches
  14 goblins
  8 hobgoblins
  9 jackals
  31 kobolds
  2 quokkas
  5 ball pythons
  9 bats
  2 frilled lizards
  A goblin zombie (D:9)
  2 hobgoblin skeletons (D:9)
  4 hobgoblin zombies (D:9)
  2 orc skeletons (D:9)
  16 orc zombies (D:9)
  9 rats
394 creatures vanquished.

Vanquished Creatures (others)
  A centaur warrior (D:13)
  9 fungi (D:9)
  17 plants
  2 withered plants (D:6)
29 creatures vanquished.

Grand Total: 423 creatures vanquished

Notes
Turn   | Place    | Note
-------+----------+-------------------------------------------
     0 | D:1      | bjtr the Gargoyle Earth Elementalist began the quest for
                  | the Orb.
     0 | D:1      | Reached XP level 1. HP: 10/10 MP: 3/3
    25 | D:1      | Found a faded altar of an unknown god.
    86 | D:1      | Found Soysoy's Antique Armour Boutique.
   164 | D:1      | Reached skill level 4 in Earth Magic
   222 | D:1      | Reached XP level 2. HP: 9/15 MP: 1/5
   277 | D:1      | Learned a level 2 spell: Passwall
   991 | D:2      | Reached XP level 3. HP: 12/19 MP: 4/6
  1067 | D:2      | Noticed Jessica
  1094 | D:2      | Killed Jessica
  1095 | D:2      | Reached XP level 4. HP: 24/24 MP: 5/8
  1098 | D:2      | Reached skill level 5 in Earth Magic
  1606 | D:3      | Found a glowing golden altar of the Shining One.
  2039 | D:3      | Found a radiant altar of Vehumet.
  2046 | D:3      | Found a hazy altar of Hepliaklqana.
  2046 | D:3      | Found a glowing silver altar of Zin.
  2046 | D:3      | Became a worshipper of Vehumet
  2180 | D:4      | Reached XP level 5. HP: 28/28 MP: 9/9
  2244 | D:4      | Found a glowing drain.
  2248 | Sewer    | Entered a sewer
  2347 | Sewer    | Reached * piety under Vehumet
  2347 | Sewer    | Offered knowledge of Kiss of Death by Vehumet.
  2424 | Sewer    | Noticed a kobold brigand
  2427 | Sewer    | Killed a kobold brigand
  2428 | Sewer    | Reached skill level 6 in Earth Magic
  2428 | Sewer    | Reached XP level 6. HP: 32/32 MP: 9/11
  2540 | Sewer    | Reached skill level 5 in Fighting
  2540 | Sewer    | Reached skill level 5 in Stealth
  2540 | Sewer    | Reached skill level 5 in Spellcasting
  2540 | Sewer    | Reached skill level 9 in Earth Magic
  2540 | Sewer    | Reached XP level 7. HP: 45/45 MP: 11/14
  2929 | D:4      | Upgraded the game from 0.30-a0-782-ge64f9170bb to
                  | 0.30-a0-793-g160f7cfddd
  2947 | D:4      | Learned a level 3 spell: Stone Arrow
  2952 | D:4      | Learned a level 4 spell: Petrify
  2956 | D:4      | Learned a level 3 spell: Mephitic Cloud
  3026 | D:4      | Offered knowledge of Scorch by Vehumet.
  3027 | D:4      | Reached XP level 8. HP: 51/51 MP: 11/16
  3030 | D:4      | Learned a level 2 spell: Scorch
  3153 | D:4      | Reached ** piety under Vehumet
  3269 | D:4      | Identified the amulet "Muhapus" {Reflect Int+2 SH+5}
  3328 | D:4      | Found a burning altar of Makhleb.
  3328 | D:4      | Found a shimmering altar of Xom.
  3501 | D:4      | Reached skill level 10 in Earth Magic
  3753 | D:5      | Entered Level 5 of the Dungeon
  4167 | D:5      | Found a shimmering blue altar of Sif Muna.
  4167 | D:5      | Found an ancient bone altar of Kikubaaqudgha.
  4584 | D:5      | Offered knowledge of Dazzling Flash by Vehumet.
  4890 | D:6      | Found a hide-covered altar of Uskayaw.
  4891 | D:6      | Found a stormy altar of Qazlal.
  4942 | D:6      | Found a staircase to the Ecumenical Temple.
  4951 | Temple   | Entered the Ecumenical Temple
  5000 | D:6      | Found a runed translucent door.
  5000 | D:6      | Noticed cheesebisquit's ghost (novice GrEE)
  5388 | D:6      | Reached XP level 9. HP: 52/55 MP: 15/17
  5507 | D:6      | Reached *** piety under Vehumet
  5955 | D:6      | Noticed a two-headed ogre
  5974 | D:6      | Killed a two-headed ogre
  5975 | D:6      | Reached skill level 11 in Earth Magic
  6151 | D:6      | Upgraded the game from 0.30-a0-793-g160f7cfddd to
                  | 0.30-a0-799-g109b55a442
  6166 | D:7      | Noticed Pikel
  6311 | D:7      | Offered knowledge of Frozen Ramparts by Vehumet.
  6345 | D:7      | Found a flagged portal.
  6352 | D:7      | Identified the +4 hand axe "Killer Klown's Peril" {vamp,
                  | Dex+4 Stlth+}
  6363 | Bailey   | Entered a bailey
  6681 | Bailey   | Reached **** piety under Vehumet
  6768 | Bailey   | Reached XP level 10. HP: 60/60 MP: 14/19
  6902 | D:7      | Killed Pikel
  6903 | D:7      | Reached skill level 12 in Earth Magic
  7115 | D:7      | Found a broken altar of Ashenzari.
  7146 | D:7      | Offered knowledge of Inner Flame by Vehumet.
  7155 | D:7      | Learned a level 3 spell: Inner Flame
  7551 | D:7      | Noticed Maggie
  7565 | D:7      | Killed Maggie
  8220 | D:8      | Identified the +1 robe of Liehar {rPois Will- Int+4}
  8483 | D:8      | Found an ornate altar of the Wu Jian Council.
  8627 | D:9      | Found a transporter.
  8650 | D:9      | Reached skill level 13 in Earth Magic
  8726 | D:9      | Reached XP level 11. HP: 65/66 MP: 10/22
  8777 | D:9      | Reached ***** piety under Vehumet
  8778 | D:9      | Offered knowledge of Lightning Bolt by Vehumet.
  8956 | D:9      | Found a staircase to the Orcish Mines.
  8978 | D:9      | Found a staircase to the Lair.
  9375 | D:9      | Found a white marble altar of Elyvilon.
  9510 | D:9      | Found a transporter.
  9923 | D:6      | Killed cheesebisquit's ghost
 10096 | D:10     | Entered Level 10 of the Dungeon
 10145 | D:10     | Reached skill level 14 in Earth Magic
 10500 | D:10     | Noticed Erica
 10504 | D:10     | Killed Erica
 10654 | D:10     | Noticed a two-headed ogre
 10828 | D:10     | Noticed Maurice
 10835 | D:10     | Killed Maurice
 11034 | D:10     | Killed a two-headed ogre
 11035 | D:10     | Reached skill level 5 in Shields
 11035 | D:10     | Reached skill level 5 in Conjurations
 11696 | D:11     | Noticed a two-headed ogre
 11705 | D:11     | Killed a two-headed ogre
 11706 | D:11     | Reached skill level 15 in Earth Magic
 11975 | D:11     | Reached XP level 12. HP: 47/71 MP: 5/24
 13252 | D:12     | Noticed a two-headed ogre
 13260 | D:12     | Killed a two-headed ogre
 13261 | D:12     | Noticed a sun demon
 13924 | D:13     | Noticed a centaur warrior
 13953 | D:13     | Noticed a centaur warrior
 13959 | D:13     | Noticed Frances
 14046 | D:13     | Noticed a two-headed ogre
 14063 | D:13     | Killed a centaur warrior
 14088 | D:13     | Offered knowledge of Conjure Ball Lightning by Vehumet.
 14173 | D:13     | Noticed a boulder beetle
 14177 | D:13     | Noticed a centaur warrior
 14193 | D:13     | Noticed a centaur warrior
 14202 | D:13     | Killed a centaur warrior
 14208 | D:13     | Noticed a boulder beetle
 14209 | D:13     | Killed a centaur warrior
 14224 | D:13     | Killed a boulder beetle
 14225 | D:13     | Reached skill level 10 in Spellcasting
 14228 | D:13     | Killed a boulder beetle
 14233 | D:13     | Noticed a catoblepas
 14251 | D:13     | Found a flickering gateway to a bazaar.
 14256 | Bazaar   | Entered a bazaar
 14256 | Bazaar   | Found Lapuiq Nuigg's Antique Armour Shoppe.
 14256 | Bazaar   | Found Pileblei's General Store.
 14449 | Bazaar   | Found Vokedel's Jewellery Boutique.
 14460 | Bazaar   | Found Ampantit's Antique Weapon Emporium.
 14479 | Bazaar   | Found Kafiphoo's Magic Scroll Boutique.
 14510 | Bazaar   | Bought the ring of Abaesacs {rC++ Str-3 Int+6 Dex+9 SInv}
                  | for 1159 gold pieces
 14523 | Bazaar   | Bought a scroll of enchant weapon for 67 gold pieces
 14523 | Bazaar   | Bought a potion of haste for 90 gold pieces
 14645 | D:13     | Noticed a boulder beetle
 14692 | D:13     | Noticed a seven-headed hydra
 14733 | D:13     | Killed a catoblepas
 14734 | D:13     | Reached skill level 16 in Earth Magic
 14739 | D:13     | Noticed a centaur warrior
 14743 | D:13     | Killed a boulder beetle
 14746 | D:13     | Noticed a two-headed ogre
 14762 | D:13     | Killed a centaur warrior
 14773 | D:13     | Reached XP level 13. HP: 49/78 MP: 3/27
 15112 | D:13     | Learned a level 5 spell: Borgnjor's Vile Clutch
 15143 | D:13     | Identified the +3 chain mail of the Storm King {rF- Will+
                  | Str+4}
 15246 | D:13     | Found a shimmering blue altar of Sif Muna.
 15246 | D:13     | Found a radiant altar of Vehumet.
 15249 | D:13     | Found a basalt altar of Yredelemnul.
 15249 | D:13     | Found an iron altar of Okawaru.
 16353 | D:14     | Noticed a frost giant
 16377 | D:14     | Noticed a fire giant
 16381 | D:14     | Killed from afar by a fire giant

Illustrated notes

Levels and vault maps discovered:
D:1:      kennysheep_arrival_forest, layout_loops_ring,
          dreamdust_ecumenical_altar_grove, serial_shops, shop_statue
D:2:      layout_basic, minmay_cupped, uniq_jessica
D:3:      layout_basic, nicolae_overflow_hidden_temple,
          mainiacjoe_overflow_alcove_1, minmay_misc_feat_square,
          minmay_misc_feat_cross
D:4:      kennysheep_the_goblin_king, layout_loops_ring,
          grunt_temple_overflow_champion_of_chaos, gup_sewer_entry_spiral,
          minmay_puff
D:5:      layout_loops_corners, jmf_multi_god_temple
D:6:      layout_layer_cave, chequers_temple_overflow_statue_of_worship,
          minmay_temple_entry_antechambers, gammafunk_ghost_grave,
          minmay_misc_feat_x
D:7:      layout_loops_corners, general_overflow_altar, enter_bailey_2,
          hangedman_minor_gate_pass, uniq_maggie, uniq_pikel
D:8:      layout_basic, nicolae_wu_jian_wuxing_cycle, kennysheep_donut
D:9:      gammafunk_steamed_eel, layout_long_grid, elyvilon_altar_3,
          grunt_lair_entry_orc_guard_hut, zombieorc2_lemuel
D:10:     layout_cave_pods, uniq_erica, uniq_maurice
D:11:     layout_small_grid, hangedman_decor_riveting
D:12:     layout_irregular_city
D:13:     minmay_the_grid_octo_2x2 [minmay_the_grid_octo_shrine,
          minmay_the_grid_octo_focus, minmay_the_grid_octo_teeth,
          minmay_the_grid_octo_prize_square_snowflake], layout_basic,
          serial_shops, bzr_in_the_mist, uniq_frances
D:14:     layout_stronghold, grunt_vaults_entry_tiered, nicolae_hitomezashi
          [nicolae_hito_row, nicolae_hito_row, nicolae_hito_row,
          nicolae_hito_row, nicolae_hito_row, nicolae_hito_row,
          nicolae_hito_row, nicolae_hito_row, nicolae_hito_row,
          nicolae_hito_row, nicolae_hito_row, nicolae_hito_row,
          nicolae_hito_row, nicolae_hito_row, nicolae_hito_row,
          nicolae_hito_row, nicolae_hito_row, nicolae_hito_row],
          minmay_diamond_spiral, uniq_josephine
Temple:   nicolae_temple_ecumenical_triangle

Skill      XL: |  1  2  3  4  5  6  7  8  9 10 11 12 13 |
---------------+----------------------------------------+-----
Earth Magic    | 4 5 6 9 10 11 13 15 16 | 16.8
Spellcasting   | 3 5 6 7 8 10 11 | 11.2
Fighting       | 5 6 7 8 |  8.7
Armour         | 6 |  6.1
Stealth        | 5 6 |  6.5
Shields        | 4 5 6 |  6.5
Conjurations   | 4 5 6 |  6.4
Dodging        | 2 3 4 |  4.2
Transmutations | |  0.7
Evocations     | |  0.7

Action                     |  1- 3 |  4- 6 |  7- 9 | 10-12 | 13-15 || total
---------------------------+-------+-------+-------+-------+-------++-------
  Melee: Club              |    15 |       |       |       |       ||    15
         Punch             |     1 |       |       |     1 |       ||     2
         Whip              |       |     2 |    24 |       |       ||    26
         Short sword       |       |       |    61 |       |       ||    61
         Hand axe          |       |       |    21 |   100 |    18 ||   139
         Scimitar          |       |       |       |       |     6 ||     6
   Fire: Sling             |       |       |     3 |       |       ||     3
  Throw: Dart              |       |       |       |     1 |       ||     1
   Cast: Sandblast         |    33 |    76 |   127 |   211 |     4 ||   451
         Passwall          |     1 |     4 |     2 |       |       ||     7
         Stone Arrow       |       |       |    33 |   114 |    67 ||   214
         Mephitic Cloud    |       |       |    13 |    16 |       ||    29
         Scorch            |       |       |     7 |     1 |       ||     8
         Petrify           |       |       |     1 |    10 |       ||    11
         Inner Flame       |       |       |       |    15 |     4 ||    19
         Borgnjor's Vile C |       |       |       |       |     6 ||     6
  Evoke: Wand              |       |       |       |     2 |       ||     2
         Lightning rod     |       |       |       |     3 |     1 ||     4
         Tin of tremorston |       |       |       |     1 |     1 ||     2
    Use: Scroll            |     2 |     9 |     3 |    14 |       ||    28
         Potion            |       |     1 |       |     9 |       ||    10
   Stab: Sleeping          |       |       |     1 |     1 |       ||     2
         Confused          |       |       |     1 |     1 |       ||     2
         Petrified         |       |       |       |    11 |       ||    11
         Invisible         |       |       |       |     1 |       ||     1
 Armour: Robe              |    14 |       |       |   192 |    11 ||   217
         Leather armour    |       |    21 |   115 |    10 |       ||   146
         Acid dragon scale |       |       |       |       |    19 ||    19
  Dodge: Dodged            |    17 |    33 |   121 |   171 |    19 ||   361
  Block: Other             |       |       |    42 |     9 |       ||    51
         Reflection        |       |       |     3 |    15 |     4 ||    22
         Buckler           |       |       |       |   172 |    34 ||   206

Table legend: (Time is in decaauts)
 A = Elapsed time spent in this place.
 B = Non-inter-level travel time spent in this place.
 C = Inter-level travel time spent in this place.
 D = Time resting spent in this place.
 E = Time spent auto-exploring this place.
 F = Levels seen in this place.
 G = Mean time per level.
                   A        B        C        D        E       F      G
               +--------+--------+--------+--------+--------+-----+--------+
         Total |  16676 |  15621 |   1055 |   2778 |   9093 |  18 |  926.4 |
       Dungeon |  15347 |  14294 |   1053 |   2307 |   8745 |  14 | 1096.2 |
        Temple |    164 |    162 |      2 |    100 |     30 |   1 |  164.0 |
        Bazaar |    271 |    271 |      0 |    172 |      0 |   1 |  271.0 |
         Sewer |    342 |    342 |      0 |      0 |    181 |   1 |  342.0 |
        Bailey |    550 |    550 |      0 |    199 |    136 |   1 |  550.0 |
               +--------+--------+--------+--------+--------+-----+--------+

Top non-repeatable levels by time:
    D:13: 1782 daAuts
     D:7: 1546 daAuts
     D:6: 1539 daAuts
    D:10: 1407 daAuts
     D:4: 1331 daAuts
     D:9: 1311 daAuts
    D:12: 1212 daAuts
     D:5: 974 daAuts
     D:1: 872 daAuts
    D:11: 863 daAuts
     D:3: 824 daAuts
     D:8: 762 daAuts
  Bailey: 550 daAuts
     D:2: 509 daAuts
    D:14: 409 daAuts
